 Dungeon Crawl Stone Soup version 0.20.1-1-g8b1a95d (webtiles) character file.

8509 LittleSunflower the Arsonist (level 11, -1/93 (94) HPs)
             Began as an Octopode Wizard on Aug 17, 2017.
             Was a High Priest of Sif Muna.
             Slain by a yak (8 damage)
             ... on level 9 of the Dungeon.
             The game lasted 01:45:02 (14256 turns).

LittleSunflower the Arsonist (Octopode Wizard)     Turns: 14256, Time: 01:45:02

HP:   -1/93 (94)    AC: 25    Str:  7    XL:     11   Next: 32%
MP:   2/23          EV:  2    Int: 24    God:    Sif Muna [*****.]
Gold: 519           SH:  0    Dex: 10    Spells: 0/26 levels left

rFire    . . .     SeeInvis +   O - +0 trident "Awyl" {venom, rPois rC++ SInv Stlth-} (curse)
rCold    + + .     Gourm    .   (no shield)
rNeg     + + +     Faith    .   (helmet currently unavailable)
rPois    +         Spirit   .   (no amulet)
rElec    .         Reflect  .   (no ring)
rCorr    .         Harm     .   (no ring)
MR       .....     NoTele   +   (no ring)
Stlth    +.........             (no ring)
Regen    0.3/turn               (no ring)
MPRegen  0.2/turn               (no ring)
                                (no ring)
                                (no ring)

@: tree-form
A: almost no armour, stealthy swim, (amphibious), 8 rings, (constrict 8)
a: Divine Energy, Channel Magic, Forget Spell, Renounce Religion


You were on level 9 of the Dungeon.
You worshipped Sif Muna.
Sif Muna was extremely pleased with you.
You were not hungry.
You were a tree.
You visited 2 branches of the dungeon, and saw 10 of its levels.
You also visited: Sewer.

You collected 519 gold pieces.

Inventory:

Hand Weapons
 d - a +2 spear
 s - a +1 short sword of holy wrath
 A - a +0 scythe
 N - a +0 whip of freezing
 O - the cursed +0 trident "Awyl" (weapon) {venom, rPois rC++ SInv Stlth-}
   (You found it on level 8 of the Dungeon)

   It poisons the flesh of those it strikes.
   It greatly protects you from cold.
   It protects you from poison.
   It lets you see invisible.
   It makes you less stealthy.
   It has a curse placed upon it.
Missiles
 h - 228 stones (quivered)
 r - a throwing net
 S - 8 javelins
Armour
 a - a +0 hat (melded)
Jewellery
 M - an uncursed amulet of harm {unknown}
Wands
 o - a wand of iceblast (7/15)
 q - a wand of polymorph (8/24)
 y - a wand of random effects (0/48)
 G - a wand of flame (23/48)
 L - a wand of enslavement (10/24)
 R - a wand of confusion (20/48)
Scrolls
 f - a scroll of acquirement {unknown}
 g - 3 scrolls of fear
 i - 4 scrolls of fog
 k - 4 scrolls of remove curse
 u - 2 scrolls of magic mapping
 w - 4 scrolls of teleportation {unknown}
 x - 2 scrolls of noise {unknown}
 I - a scroll of recharging {unknown}
 J - a scroll of brand weapon {unknown}
 K - a scroll of amnesia {unknown}
Potions
 e - 3 potions of lignification
 j - a potion of magic {unknown}
 l - 4 potions of curing
 m - a potion of ambrosia {unknown}
 p - 2 potions of might
 t - a potion of agility {unknown}
 v - a potion of flight {unknown}
 z - 2 potions of brilliance {unknown}
 C - 2 potions of heal wounds {unknown}
 D - 2 potions of haste
 E - a potion of invisibility {unknown}
 F - 3 potions of mutation {unknown}
Books
 b - a book of Minor Magic

   Spells                             Type                      Level
   a - Magic Dart                     Conjuration                  1
   b - Blink                          Translocation                2
   c - Call Imp                       Summoning                    2
   d - Slow                           Hexes                        2
   e - Conjure Flame                  Conjuration/Fire             3
   f - Mephitic Cloud                 Conjuration/Poison/Air       3
 B - a book of Flames

   Spells                             Type                      Level
   a - Flame Tongue                   Conjuration/Fire             1
   b - Throw Flame                    Conjuration/Fire             2
   c - Conjure Flame                  Conjuration/Fire             3
   d - Inner Flame                    Hexes/Fire                   3
   e - Sticky Flame                   Conjuration/Fire             4
   f - Fireball                       Conjuration/Fire             5
 P - Sif Muna's Collected Works on Battle Magic
   (Sif Muna gifted it to you on level 8 of the Dungeon)

   Spells                             Type                      Level
   a - Searing Ray                    Conjuration                  2
   b - Bolt of Fire                   Conjuration/Fire             6
   c - Orb of Destruction             Conjuration                  7
Comestibles
 c - 5 bread rations
 n - 2 royal jellies
 H - 2 meat rations


   Skills:
 + Level 1.6 Fighting
 + Level 3.1 Dodging
 - Level 2.6 Stealth
 + Level 8.2 Spellcasting
 + Level 8.4 Conjurations
   Level 1.0 Summonings
 + Level 1.9 Translocations
 + Level 12.0 Fire Magic


You couldn't memorise any spells.
You knew the following spells:

 Your Spells              Type           Power        Failure   Level  Hunger
a - Magic Dart            Conj           ####         1%          1    None
b - Conjure Flame         Conj/Fire      ######..     1%          3    None
c - Mephitic Cloud        Conj/Pois/Air  ###.....     6%          3    None
d - Fireball              Conj/Fire      ######....   2%          5    #####..
e - Blink                 Tloc           N/A          4%          2    None
f - Flame Tongue          Conj/Fire      #####        1%          1    None
g - Sticky Flame          Conj/Fire      ######..     1%          4    ##.....
h - Orb of Destruction    Conj           ######....   86%         7    #######


Dungeon Overview and Level Annotations

Branches:
Dungeon (9/15)             Temple (1/1) D:6            Lair (0/6) D:8
    Orc: D:9-12

Altars:
Ashenzari
Cheibriados
Dithmenos
Elyvilon
Fedhas
Gozag
Hepliaklqana
Kikubaaqudgha
Makhleb
Nemelex Xobeh
Okawaru
Qazlal
Ru
Sif Muna
Trog
Uskayaw
Vehumet
Xom
Yredelemnul
Zin
The Shining One
Lugonu

Shops:
D:7 :

Annotations:
D:9 2 transporters


Innate Abilities, Weirdness & Mutations

You cannot wear most types of armour.
You are very stealthy in the water. (Stealth+)
((You are amphibious.))
You can wear up to eight rings at the same time.
((You can use your tentacles to constrict eight enemies at once.))
((Your skin changes colour to match your surroundings (Stealth+).))
((Your rubbery body absorbs attacks. (AC +1, EV +1)))


Message History

Sif Muna accepts your kill.
Your Fire Magic skill increases to level 12!
You carefully extract the barbed spikes from your body.
Casting: Flame Tongue
Confirm with . or Enter, or press ? or * to list all spells.
Aiming: Conjure Flame
Press: ? - help, Dir - move target cursor The fire ignites!
You turn into a tree.
Your +0 hat melds into your body.
Your roots penetrate the ground.
Attack whom?
Press: ? - help, Dir - move target cursor, f - yak
Aim: a yak You reach to attack!
You hit the yak but do no damage.
Attack whom?
Press: ? - help, Dir - move target cursor, f/p - yak
Aim: a yak You reach to attack!
You closely miss the yak.
The yak is engulfed in blazing flames.
The yak gores you!
You die...

.... ... #..# ## #..#
#..# ########..#
..........##############
................).......
......†.................
#######♣##############.#
#Y# #.# #.# #.# #Y#
########.#
.......................#
.........<.............#
.........#############.#
.........# #.#
.........# #.#


You could see 2 yaks.

Vanquished Creatures
  2 two-headed ogres (D:8)
  The ghost of Gargoyl the Cleaver, a novice MiAK of Lugonu (D:8)
  Pikel (D:8)
  A manticore (D:9)
  The ghost of ANON1729 the Firebug, a novice OpFE of Sif Muna (D:4)
  Prince Ribbit (D:5)
  Sigmund (D:4)
  8 yaks
  2 basilisks (D:8)
  3 porcupines (D:8)
  An orc warrior (D:9)
  2 ice beasts
  2 phantoms
  2 slaves (D:8)
  2 necrophages
  6 ogres
  3 crocodiles (D:8)
  2 centaurs
  6 bullfrogs
  A scorpion (D:5)
  A water moccasin skeleton (D:6)
  4 wights (D:6)
  A vampire bat (D:5)
  A howler monkey (D:5)
  6 crimson imps
  3 bullfrog skeletons
  2 centaur skeletons
  5 orc priests
  A gnoll shaman (D:5)
  4 hounds
  A jelly (D:9)
  2 iguanas
  6 orc wizards
  A hound skeleton (D:7)
  3 worker ant zombies
  6 gnolls
  21 adders
  A river rat (D:4)
  3 shadow imps
  3 oozes
  An adder skeleton (D:4)
  2 dart slugs
  3 worms
  10 leopard geckos
  32 orcs
  6 ball pythons (Sewer)
  9 bats
  4 bat skeletons (D:5)
  3 bat zombies (D:5)
  4 giant cockroaches
  13 hobgoblins
  12 jackals
  5 quokkas
  8 frilled lizards
  6 goblins
  A jackal skeleton (D:4)
  11 kobolds
  A quokka skeleton (D:4)
  5 rats
  A plant (Sewer)
260 creatures vanquished.

Vanquished Creatures (others)
  2 slaves (D:8)
  A fungus (D:8)
  10 plants
13 creatures vanquished.

Grand Total: 273 creatures vanquished

Notes
Turn   | Place    | Note
-------+----------+-------------------------------------------
     0 | D:1      | LittleSunflower the Octopode Wizard began the quest for the Orb.
     0 | D:1      | Reached XP level 1. HP: 11/11 MP: 4/4
   292 | D:1      | Reached XP level 2. HP: 17/17 MP: 4/6
  1573 | D:1      | Reached XP level 3. HP: 21/21 MP: 2/7
  1624 | D:1      | Learned a level 3 spell: Conjure Flame
  1629 | D:2      | Found a sparkling altar of Nemelex Xobeh.
  2277 | D:2      | Reached XP level 4. HP: 27/27 MP: 0/9
  3072 | D:2      | Reached XP level 5. HP: 31/31 MP: 4/11
  3178 | D:2      | Learned a level 3 spell: Mephitic Cloud
  3907 | D:3      | Found a shadowy altar of Dithmenos.
  3911 | D:3      | Found a deep blue altar of Sif Muna.
  3911 | D:3      | Found an opulent altar of Gozag.
  3911 | D:3      | Found an iron altar of Okawaru.
  3918 | D:3      | Found a stormy altar of Qazlal.
  3919 | D:3      | Found a glowing golden altar of the Shining One.
  3924 | D:3      | Became a worshipper of Sif Muna the Loreminder
  3994 | D:3      | Found a sparkling altar of Nemelex Xobeh.
  4361 | D:4      | Noticed an ogre
  4373 | D:4      | Killed an ogre
  4373 | D:4      | Reached XP level 6. HP: 36/36 MP: 0/13
  4392 | D:4      | Noticed Sigmund
  4648 | D:4      | Noticed ANON1729's ghost (novice OpFE)
  4656 | D:4      | Killed ANON1729's ghost
  4656 | D:4      | Reached skill level 5 in Spellcasting
  4656 | D:4      | Reached skill level 5 in Conjurations
  4656 | D:4      | Reached XP level 7. HP: 41/41 MP: 3/15
  4903 | D:4      | Reached * piety under Sif Muna
  4947 | D:4      | Found a glowing drain.
  4951 | Sewer    | Entered a sewer
  6555 | D:4      | Killed Sigmund
  6555 | D:4      | Reached XP level 8. HP: 46/46 MP: 1/17
  6704 | D:5      | Entered Level 5 of the Dungeon
  6733 | D:5      | Found a bloodstained altar of Trog.
  6826 | D:5      | Noticed Prince Ribbit
  6987 | D:5      | Killed Prince Ribbit
  6987 | D:5      | Reached ** piety under Sif Muna
  7231 | D:5      | Found a shimmering altar of Xom.
  8146 | D:5      | Reached XP level 9. HP: 51/51 MP: 11/20
  8360 | D:5      | Found an ancient bone altar of Kikubaaqudgha.
  8567 | D:5      | Learned a level 5 spell: Fireball
  8574 | D:5      | Reached *** piety under Sif Muna
  8610 | D:5      | Reached skill level 1 in Fire Magic
  8906 | D:6      | Reached skill level 2 in Fire Magic
  9025 | D:6      | Learned a level 2 spell: Blink
  9109 | D:6      | Found a glowing silver altar of Zin.
  9175 | D:6      | Reached skill level 3 in Fire Magic
  9508 | D:6      | Found a staircase to the Ecumenical Temple.
  9517 | Temple   | Entered the Ecumenical Temple
  9933 | D:6      | Reached skill level 4 in Fire Magic
 10186 | D:6      | D6=lasin ja seinän takana artifakti ja rahaa
 10231 | D:6      | Reached skill level 5 in Fire Magic
 10371 | D:6      | Learned a level 1 spell: Flame Tongue
 10376 | D:6      | Learned a level 4 spell: Sticky Flame
 10584 | D:7      | Found Fifuvol's Book Shop.
 10943 | D:7      | Reached skill level 6 in Fire Magic
 11484 | D:8      | Reached **** piety under Sif Muna
 11484 | D:8      | Reached skill level 7 in Fire Magic
 11570 | D:8      | Reached XP level 10. HP: 56/56 MP: 10/22
 11648 | D:8      | Reached skill level 8 in Fire Magic
 11759 | D:8      | Reached skill level 9 in Fire Magic
 11985 | D:8      | Found a staircase to the Lair.
 12355 | D:8      | Found a burning altar of Makhleb.
 12358 | D:8      | Noticed a two-headed ogre
 12373 | D:8      | Killed a two-headed ogre
 12373 | D:8      | Reached skill level 10 in Fire Magic
 12524 | D:8      | Noticed Pikel
 12531 | D:8      | Killed Pikel
 12531 | D:8      | Reached ***** piety under Sif Muna
 12534 | D:8      | Noticed Gargoyl's ghost (novice MiAK)
 12817 | D:8      | Identified Sif Muna's Collected Works on Battle Magic (Sif Muna gifted it to you on level 8 of the Dungeon)
 12817 | D:8      | Received a gift from Sif Muna
 12819 | D:8      | Noticed a two-headed ogre
 12845 | D:8      | Killed a two-headed ogre
 12845 | D:8      | Reached skill level 11 in Fire Magic
 13074 | D:8      | Got a bloodstained trident
 13075 | D:8      | Identified the cursed +0 trident "Awyl" {venom, rPois rC++ SInv Stlth-} (You found it on level 8 of the Dungeon)
 13411 | D:8      | Killed Gargoyl's ghost
 13411 | D:8      | Reached XP level 11. HP: 40/60 MP: 4/23
 13420 | D:8      | Learned a level 7 spell: Orb of Destruction
 14112 | D:9      | Found a transporter.
 14116 | D:9      | Noticed an orc sorcerer
 14119 | D:9      | Noticed a deep elf knight
 14122 | D:9      | Noticed an orc high priest
 14127 | D:9      | Found a transporter.
 14224 | D:9      | Noticed a manticore
 14224 | D:9      | Reached skill level 1 in Fighting
 14233 | D:9      | Killed a manticore
 14236 | D:9      | HP: 1/62 [yak (13)]
 14238 | D:9      | Reached skill level 12 in Fire Magic
 14256 | D:9      | Slain by a yak

Skill      XL: |  1  2  3  4  5  6  7  8  9 10 11 |
---------------+----------------------------------+-----
Conjurations   | 2 3 4 5 6 8 |  8.4
Spellcasting   | 4 5 6 7 8 |  8.2
Fire Magic     | 7 11 12 | 12.0
Fighting       | 1 |  1.6
Dodging        | 3 |  3.1
Stealth        | |  2.6
Summonings     | |  1.0
Translocations | |  1.9

Action                   |  1- 3 |  4- 6 |  7- 9 | 10-12 || total
-------------------------+-------+-------+-------+-------++-------
Melee: Spear             |     8 |     8 |    37 |    32 ||    85
       Constrict         |     1 |     2 |    10 |     2 ||    15
       Tentacles         |       |     2 |     8 |     2 ||    12
       Halberd           |       |     2 |    27 |       ||    29
       Scythe            |       |       |    36 |       ||    36
       Trident           |       |       |       |    25 ||    25
 Cast: Magic Dart        |    90 |   119 |   460 |   118 ||   787
       Conjure Flame     |     3 |     8 |    15 |    22 ||    48
       Mephitic Cloud    |       |     1 |     7 |     1 ||     9
       Fireball          |       |       |     6 |    14 ||    20
       Flame Tongue      |       |       |     3 |    48 ||    51
       Sticky Flame      |       |       |       |     2 ||     2
Evoke: Wand              |       |       |    16 |     1 ||    17
  Use: Scroll            |       |       |     8 |     2 ||    10
       Potion            |       |       |       |     1 ||     1
 Stab: Sleeping          |       |       |     1 |       ||     1
       Confused          |       |       |     1 |       ||     1
  Eat: Chunk             |     4 |     8 |    18 |     6 ||    36
       Bread ration      |       |       |     1 |       ||     1
       Meat ration       |       |       |       |     1 ||     1
Armor: Skin              |       |     1 |     6 |       ||     7
Dodge: Dodged            |     6 |     6 |    99 |    28 ||   139
